 Dungeon Crawl Stone Soup version 0.22.1-2-g9c5b331383 (webtiles) character file.

70 Forgol the Shooter (level 4, -2/35 HPs)
             Began as a Centaur Arcane Marksman on Dec 24, 2018.
             Slain by an adder (4 damage)
             ... on level 3 of the Dungeon.
             The game lasted 00:12:01 (1517 turns).

Forgol the Shooter (Centaur Arcane Marksman)        Turns: 1517, Time: 00:12:01

Health: -2/35      AC:  4    Str: 13    XL:     4   Next: 4%
Magic:  6/6        EV:  9    Int: 12    God:
Gold:   77         SH:  0    Dex: 10    Spells: 5/6 levels left

rFire    . . .     SeeInvis .   a - +0 shortbow
rCold    . . .     Gourm    .   (shield currently unavailable)
rNeg     . . .     Faith    .   e - +0 robe
rPois    .         Spirit   .   (no helmet)
rElec    .         Reflect  .   (no cloak)
rCorr    .         Harm     .   (no gloves)
MR       .....                  (no barding)
Stlth    +.........             (no amulet)
HPRegen  0.11/turn              (no ring)
MPRegen  0.10/turn              (no ring)

@: lethally poisoned (-2 -> -12), very quick
A: large, hooves 3, deformed body, speed 2, tough skin 3
a: no special abilities


You were on level 3 of the Dungeon.
You were not hungry.

You visited 1 branch of the dungeon, and saw 3 of its levels.

You collected 77 gold pieces.

Inventory:

Hand Weapons
 a - a +0 shortbow (weapon)
Missiles
 b - 74 stones (quivered)
Armour
 e - a +0 robe (worn)
 o - a +0 leather armour
Jewellery
 h - an uncursed amulet of the gourmand {unknown}
 i - an uncursed ring of protection from cold {unknown}
Scrolls
 g - 2 scrolls of enchant weapon {unknown}
 j - 2 scrolls of teleportation {unknown}
 l - a scroll of identify {unknown}
 n - a scroll of remove curse {unknown}
 p - a scroll of amnesia {unknown}
 q - a scroll of fog {unknown}
 s - a scroll of enchant armour {unknown}
Potions
 c - 2 potions of curing {unknown}
 m - 2 potions of lignification {unknown}
 r - a potion of ambrosia {unknown}
Comestibles
 f - 6 rations
 k - 4 chunks of flesh


   Skills:
 - Level 1.0 Fighting
 + Level 4.1 Bows
 - Level 1.3 Dodging
 + Level 1.7 Spellcasting
 + Level 3.4 Hexes


You had 5 spell levels left.
You knew the following spells:

 Your Spells              Type           Power        Failure   Level  Hunger
a - Corona                Hex            #......      7%          1    ##.....

Your spell library contained the following spells:

 Spells                   Type           Power        Failure   Level  Hunger
 Slow                     Hex            #.......     11%         2    ###....
 Inner Flame              Hex/Fire       #.......     38%         3    ####...
 Portal Projectile        Hex/Tloc       #.....       38%         3    ####...
 Cause Fear               Hex            #.........   56%         4    #####..
 Leda's Liquefaction      Hex/Erth       #.........   80%         4    #####..


Dungeon Overview and Level Annotations

Branches:
Dungeon (3/15)

Altars:
Ashenzari
Nemelex Xobeh
Ru


Innate Abilities, Weirdness & Mutations

You have hooves in place of feet.
Armour fits poorly on your strangely shaped body.
You cover ground very quickly.
You have extremely tough skin. (AC +3)


Message History

You feel sick. The adder bites you.
* * * LOW HITPOINT WARNING * * *
Unknown command.
Throwing (i - inventory)
b - 76 stones (quivered)
Press: ? - help, Shift-Dir - straight line, f/p - adder
Aim: an adder (almost dead)
You throw a stone.
The stone hits the adder but does no damage.
The adder is almost dead.
* * * LOW HITPOINT WARNING * * *
You feel sick. The adder bites you but does no damage. The adder bites you.
* * * LOW HITPOINT WARNING * * *
Unknown command.
Throwing (i - inventory)
b - 75 stones (quivered)
Press: ? - help, Shift-Dir - straight line, f/p - adder
Aim: an adder (almost dead)
You throw a stone. The stone barely misses the adder.
* * * LOW HITPOINT WARNING * * *
You feel sick. The adder bites you.
You die...

.. ... ###
## #... ..
[......
#.###.#
.#.#...
.....
.......
##..#.>...#
#...@.....#
#..S#(....#
#... ((..##
..... .####
#..(... .#
#.###.. ..
. #.. .#
#$# ##


You could see an adder.

Vanquished Creatures
  3 adders
  A worm (D:2)
  2 leopard geckos
  4 giant cockroaches
  3 goblins
  2 hobgoblins (D:2)
  2 jackals (D:1)
  A ball python (D:2)
  4 bats
  3 frilled lizards (D:1)
  6 kobolds
  10 rats
41 creatures vanquished.

Notes
Turn   | Place    | Note
-------+----------+-------------------------------------------
     0 | D:1      | Forgol the Centaur Arcane Marksman began the quest for the
                  | Orb.
     0 | D:1      | Reached XP level 1. HP: 16/16 MP: 2/2
   151 | D:1      | Reached skill level 3 in Bows
   234 | D:1      | Reached XP level 2. HP: 23/23 MP: 3/3
   503 | D:1      | You fall through a shaft!
   843 | D:2      | Found a sparkling altar of Nemelex Xobeh.
   970 | D:2      | Found a shattered altar of Ashenzari.
  1033 | D:2      | Reached XP level 3. HP: 28/28 MP: 3/5
  1095 | D:2      | Found a sacrificial altar of Ru.
  1295 | D:2      | Reached skill level 4 in Bows
  1507 | D:3      | Reached XP level 4. HP: 24/35 MP: 6/6
  1517 | D:3      | Slain by an adder

Skill      XL: |  1  2  3 |
---------------+----------+-----
Bows           | 3 4 |  4.1
Hexes          | 3 |  3.4
Fighting       | |  1.0
Dodging        | |  1.3
Spellcasting   | |  1.7

Action                   |  1- 3 |  4- 6 || total
-------------------------+-------+-------++-------
Melee: Shortbow          |    13 |       ||    13
 Fire: Shortbow          |   135 |     2 ||   137
Throw: Stone             |       |     8 ||     8
 Cast: Corona            |     5 |       ||     5
  Eat: Chunk             |     1 |       ||     1
Armor: Robe              |    44 |     4 ||    48
Dodge: Dodged            |    46 |     4 ||    50
